[Event "Titled Tuesday Blitz May 23 Late 2023"]
[White "Domingo Nunez, Ruben"]
[Black "Svane, Frederik"]
[WhiteFideId "22245570"]
[BlackFideId "12923044"]
[WhiteElo "2404"]
[BlackElo "2502"]
[Result "1-0"]
[Round "05"]
[TimeControl "180+2"]
[Date "2023.05.23"]
[WhiteClock "0:00:19"]
[BlackClock "0:00:23"]

1. c4 e6 2. g3 d5 3. cxd5 exd5 4. Bg2 Nf6 5. d4 Be7 6. Nf3 O-O 7. O-O c6 8. Nc3 Bf5 9. a3 Nbd7 10. b4 Nb6 11. Qb3 a6 12. a4 Nc4 13. Bf4 Ne4 14. Nxe4 Bxe4 15. b5 cxb5 16. axb5 a5 17. Rfc1 Qb6 18. Ne5 Bxg2 19. Kxg2 Qxd4 20. Nxc4 dxc4 21. Qxc4 Qd7 22. Rd1 Qf5 23. e4 Qc5 24. Qb3 Bf6 25. Ra4 b6 26. Bd6 Qh5 27. Bxf8 Rxf8 28. Qd5 Qe2 29. Ra2 Qg4 30. h3 Qc8 31. e5 Be7 32. Qc6 Qf5 33. Re2 Bc5 34. Rd5 Qb1 35. e6 fxe6 36. Qxe6+ Kh8 37. Rdd2 Qxb5 38. Qd7 Qc4 39. Re8 h6 40. Rxf8+ Bxf8 41. Rd4 Qc5 42. Rd5 Qc4 43. Rf5 Bc5 44. Qe8+ Kh7 45. Rf4 Qd3 46. Qf7 b5 47. Rg4 Bd4 48. Rf4 Be5 49. Rf5 Qe4+ 50. Kh2 a4 51. Qe6 a3 52. Rxe5 Qc2 53. Qf5+ Qxf5 54. Rxf5 b4 55. Ra5 Kg6 56. Ra4 Kf6 57. Rxb4 Ke5 58. Ra4 a2 59. Rxa2 Ke4 60. Ra3 g5 61. Re3+ Kf5 62. Kg2 Kg6 63. g4 Kf6 64. Kg3 Kf7 65. f4 Kf6 66. fxg5+ Kg6 67. Rf3 Kg7 68. Rf5 Kg6 69. gxh6 Kh7 70. Rg5 Kxh6 71. Kf4 Kh7 72. h4 Kh8 73. h5 Kh7 74. Rg6 Kh8 75. Kg5 Kh7 76. Rc6 Kh8 77. Rc7 Kg8 78. Kg6 Kh8 79. h6 Kg8 80. h7+ Kf8 81. h8=Q# 1-0


[Site "https://www.chess.com"]

[Event "Titled Tuesday Blitz May 23 Late 2023"]
[White "Prohaszka, Peter"]
[Black "Dardha, Daniel"]
[WhiteFideId "726265"]
[BlackFideId "240990"]
[WhiteElo "2626"]
[BlackElo "2581"]
[Result "0-1"]
[Round "05"]
[TimeControl "180+2"]
[Date "2023.05.23"]
[WhiteClock "0:00:00"]
[BlackClock "0:01:15"]

1. d4 g5 2. Bxg5 Bg7 3. c3 c5 4. dxc5 Qc7 5. Be3 Na6 6. Qd5 Nf6 7. Qg5 Rg8 8. Nd2 Ne4 9. Qh4 Nxd2 10. Qxh7 Kf8 11. Bxd2 Nxc5 12. Nf3 d5 13. Bh6 Qb6 14. Bxg7+ Rxg7 15. Qc2 Bg4 16. Nd4 e5 17. Nb3 Ne4 18. e3 Bf5 19. Qd1 Rd8 20. g3 d4 21. exd4 exd4 22. Bg2 dxc3 23. Qe2 Re8 24. O-O Nxg3 25. Qf3 Ne2+ 26. Kh1 Be4 27. Qxe4 Rxe4 28. Bxe4 cxb2 29. Rae1 Nc3 30. Bc2 Qc6+ 31. f3 Nd1 32. Rxd1 Qxc2 0-1


[Site "https://www.chess.com"]

[Event "Titled Tuesday Blitz May 23 Late 2023"]
[White "Haydon, David L"]
[Black "Sanal, Vahap"]
[WhiteFideId "415405"]
[BlackFideId "6300545"]
[WhiteElo "2326"]
[BlackElo "2606"]
[Result "0-1"]
[Round "05"]
[TimeControl "180+2"]
[Date "2023.05.23"]
[WhiteClock "0:00:22"]
[BlackClock "0:00:14"]

1. d4 d6 2. Nf3 c5 3. c3 cxd4 4. cxd4 g6 5. g3 Bg7 6. Bg2 Nf6 7. O-O O-O 8. Nc3 Nc6 9. d5 Nb8 10. Nd4 Bd7 11. h3 Na6 12. e4 Qb6 13. Nb3 Rfc8 14. Be3 Qd8 15. Bd4 h5 16. Kh2 Rc4 17. Qd3 Rac8 18. Rfd1 Nb4 19. Qe2 a5 20. a3 a4 21. axb4 axb3 22. e5 dxe5 23. Bxe5 Rxb4 24. d6 exd6 25. Bxd6 Rb6 26. Be7 Qe8 27. Bxf6 Qxe2 28. Nxe2 Rxf6 29. Rxd7 Rxf2 30. Re1 Rc2 31. Re7 Bxb2 32. Kg1 Bd4 33. Nxd4 Rxg2+ 34. Kh1 Rh2+ 35. Kg1 Rcg2+ 36. Kf1 Rd2 37. Ne2 b2 38. Rxb7 Rc2 39. h4 Kg7 40. Rb6 Kh6 41. Rb7 Rd2 42. Rb6 f6 43. Rb5 g5 44. hxg5+ fxg5 45. Rb6+ Kg7 46. Rb7+ Kg6 47. Rb6+ Kf5 48. Rb5+ Kf6 49. Rb6+ Kf7 50. Rb7+ Ke8 51. Nc3+ Kd8 52. Re2 Rhxe2 53. Nxe2 Rd1+ 54. Kf2 b1=Q 55. Rxb1 Rxb1 56. Nc3 Rb2+ 57. Kg1 Rb3 58. Ne4 Ke7 59. Kf2 g4 60. Nc5 Ra3 61. Ne4 Ke6 62. Nc5+ Kd5 63. Nd7 Ra2+ 64. Ke3 h4 65. Nf6+ Ke6 66. Nxg4 h3 67. Nf2 h2 68. Nh1 Ra1 69. Kf3 Rxh1 70. Kg2 Ra1 71. Kxh2 Kf5 72. Kh3 Kg5 73. g4 Ra3+ 74. Kg2 Kxg4 75. Kf2 Rf3+ 76. Ke1 Kf4 77. Ke2 Ke4 78. Kd1 Re3 79. Kd2 Kd4 80. Kd1 Rd3+ 81. Kc1 Kc3 82. Kb1 Kb3 83. Kc1 Rd4 84. Kb1 Rd1# 0-1


[Site "https://www.chess.com"]

[Event "Titled Tuesday Blitz May 23 Late 2023"]
[White "Zhigalko, Sergei"]
[Black "Djokic, Mihailo"]
[WhiteFideId "13502956"]
[BlackFideId "976440"]
[WhiteElo "2626"]
[BlackElo "2294"]
[Result "1-0"]
[Round "05"]
[TimeControl "180+2"]
[Date "2023.05.23"]
[WhiteClock "0:00:05"]
[BlackClock "0:00:02"]

1. e4 c5 2. c3 Nf6 3. e5 Nd5 4. Nf3 d6 5. Bc4 Nb6 6. Bb3 Nc6 7. exd6 Qxd6 8. O-O Bf5 9. d4 cxd4 10. Nxd4 Nxd4 11. cxd4 e6 12. Nc3 Rd8 13. Qf3 Rd7 14. d5 Be7 15. Bf4 Qb4 16. g4 e5 17. Bxe5 Qxg4+ 18. Qxg4 Bxg4 19. a4 O-O 20. a5 Nc8 21. Ba4 Rdd8 22. Bc7 Nd6 23. Rfe1 Bf6 24. Bxd8 Rxd8 25. Ne4 Bxb2 26. Rab1 Nxe4 27. Rxb2 Nc5 28. Re8+ Rxe8 29. Bxe8 Kf8 30. Rb5 Kxe8 31. Rxc5 Kd7 32. Rb5 Kc8 33. d6 Bd7 34. Re5 Be6 35. Rc5+ Kd7 36. Rc7+ Kxd6 37. Rxb7 a6 38. Rb6+ Kc5 39. Rxa6 Kb5 40. Ra7 g5 41. f3 h5 42. Kf2 h4 43. Rc7 h3 44. Rc1 Bd7 45. Ra1 Ka6 46. Rd1 Be6 47. Re1 Bd7 48. Re5 f6 49. Rd5 Bc8 50. Rd6+ Kxa5 51. Rxf6 Kb4 52. Rg6 Kc3 53. Rxg5 Kd4 54. Kg3 Ke3 55. Re5+ Kd4 56. Re8 Bd7 57. Rd8 1-0


[Site "https://www.chess.com"]

[Event "Titled Tuesday Blitz May 23 Late 2023"]
[White "Krallis, Christos"]
[Black "Drygalov, Sergey"]
[WhiteFideId "4298896"]
[BlackFideId "24171743"]
[WhiteElo "2243"]
[BlackElo "2533"]
[Result "1/2-1/2"]
[Round "05"]
[TimeControl "180+2"]
[Date "2023.05.23"]
[WhiteClock "0:00:13"]
[BlackClock "0:00:02"]

1. Nf3 d5 2. d4 Nf6 3. c4 e6 4. Nc3 c6 5. e3 Nbd7 6. Qc2 Bd6 7. Bd3 O-O 8. O-O dxc4 9. Bxc4 b5 10. Bd3 Bb7 11. Rd1 Qc7 12. Bd2 Rac8 13. Rac1 Qb8 14. h3 a6 15. Ng5 h6 16. Nge4 c5 17. Nxd6 Qxd6 18. dxc5 Nxc5 19. Be1 Nxd3 20. Qxd3 Qe5 21. Qd4 Qg5 22. e4 Rc4 23. Qd2 Qxd2 24. Bxd2 Bxe4 25. b3 Rcc8 26. Be3 Bb7 27. a4 bxa4 28. Nxa4 Bd5 29. Nc5 Rc6 30. Ra1 Rb8 31. Rxa6 Rxa6 32. Nxa6 Rxb3 33. Nc5 Rb2 34. Nd3 Rc2 35. Nb4 Rc4 36. Nd3 g5 37. Rc1 Ra4 38. Nb2 Rb4 39. Nd3 Rc4 40. Rxc4 Bxc4 41. Ne5 Bd5 42. f3 Ne8 43. Ng4 Kg7 44. Nf2 Kg6 45. Nd3 f6 46. Kf2 e5 47. g3 Nd6 48. Ne1 h5 49. Bc1 Bc6 50. Ng2 Nf5 51. h4 Nd4 52. hxg5 fxg5 53. Ne1 Kf5 54. Be3 Ne6 55. Nc2 h4 56. gxh4 gxh4 57. Bd2 Nc5 58. Ne3+ Ke6 59. Ng2 Nd3+ 60. Kg1 h3 61. Ne3 Bxf3 62. Kh2 Nf4 63. Nc2 Bg2 64. Ne1 Kf5 65. Nc2 Ke4 66. Ne1 Kf5 67. Nc2 Kg4 68. Ne1 Be4 69. Be3 Ne6 70. Bd2 Ng7 71. Kg1 Nf5 72. Kh2 Nd4 73. Be3 Ne6 74. Bd2 Nf4 75. Be3 Ng6 76. Bd2 Nh4 77. Bc3 Ng6 78. Bb2 Kh4 79. Bc3 Bd5 80. Bb2 Bc4 81. Nc2 e4 82. Ne3 Be6 83. Bf6+ Kh5 84. Kg3 Kh6 85. Bc3 Kh7 86. Bb4 Kg8 87. Bd6 Kf7 88. Ng4 Ke8 89. Kxh3 Kd7 90. Bh2 e3 91. Bg1 e2 92. Bf2 Nf4+ 93. Kg3 Nd3 94. Ne3 e1=Q 95. Bxe1 Nxe1 96. Kf2 Nd3+ 97. Ke2 Nc5 98. Kd2 Kd6 99. Nd1 Ke5 100. Nc3 Kd4 101. Ne2+ Kc4 102. Nc1 Bf5 103. Ne2 Nb3+ 104. Ke3 Bg4 105. Ng3 Nd4 106. Kf4 Be6 107. Nf1 Kd3 108. Ng3 Bd5 109. Ke5 Bc6 110. Nh5 Nf3+ 111. Kf4 Nd2 112. Ke5 Nc4+ 113. Kf4 Kd4 114. Nf6 Nd6 115. Ng4 Nf7 116. Ne3 Nd8 117. Nf5+ Kd3 118. Ne3 Ne6+ 119. Ke5 Nf8 120. Nf5 Ng6+ 121. Kd6 Be4 122. Ne7 Nf4 123. Ke5 Ne2 124. Nf5 Ng1 125. Nd6 Nf3+ 126. Kf6 Bc6 127. Nf7 Kd4 128. Ng5 Nd2 129. Ne6+ Kd5 130. Nf4+ Kd6 131. Kf5 Bd7+ 132. Kf6 Ne4+ 133. Kg6 Ke5 134. Ne2 Be8+ 135. Kg7 Nd6 136. Ng3 Kf4 137. Ne2+ Kg5 138. Nd4 Bh5 139. Ne6+ Kf5 140. Nd4+ Ke5 141. Nc6+ Ke6 142. Nd4+ Ke7 143. Nc6+ Ke6 144. Nd4+ Kd5 145. Nc2 Ke4 1/2-1/2


[Site "https://www.chess.com"]

[Event "Titled Tuesday Blitz May 23 Late 2023"]
[White "Moroni, Luca Jr"]
[Black "Vlassov, Nikolai"]
[WhiteFideId "865834"]
[BlackFideId "4103360"]
[WhiteElo "2569"]
[BlackElo "2324"]
[Result "1-0"]
[Round "05"]
[TimeControl "180+2"]
[Date "2023.05.23"]
[WhiteClock "0:01:38"]
[BlackClock "0:00:08"]

1. g3 h5 2. Nf3 h4 3. Nxh4 Rxh4 4. gxh4 e5 5. e3 Qxh4 6. d3 Nc6 7. Nd2 d5 8. Nf3 Qh5 9. Be2 Nf6 10. d4 e4 11. Ne5 Qg5 12. Nxc6 bxc6 13. Kd2 c5 14. c3 Bd7 15. Kc2 cxd4 16. exd4 Qf5 17. Be3 Ba4+ 18. b3 Bd7 19. Rg1 Qh3 20. Qd2 Qxh2 21. Bf4 Qh3 22. Qe3 Qe6 23. Rg5 Qb6 24. Be5 Be6 25. Rh1 O-O-O 26. Rh8 Qa5 27. Kb1 c5 28. Bxf6 gxf6 29. Rgg8 Be7 30. Rxd8+ Bxd8 31. dxc5 Kd7 32. Qd4 Be7 33. b4 Qa4 34. Bd1 Qa3 35. Bb3 a5 36. Bxd5 1-0


[Site "https://www.chess.com"]

[Event "Titled Tuesday Blitz May 23 Late 2023"]
[White "Javakhadze, Zurab"]
[Black "Krzyzanowski, Marcin"]
[WhiteFideId "13603647"]
[BlackFideId "1132199"]
[WhiteElo "2381"]
[BlackElo "2471"]
[Result "0-1"]
[Round "05"]
[TimeControl "180+2"]
[Date "2023.05.23"]
[WhiteClock "0:00:01"]
[BlackClock "0:00:29"]

1. Nf3 d5 2. g3 g6 3. Bg2 Bg7 4. O-O e5 5. d3 Nc6 6. e4 Nge7 7. Nc3 O-O 8. Bd2 h6 9. Qc1 Kh7 10. Nxd5 Be6 11. Nxe7 Qxe7 12. h3 Rad8 13. Be3 f5 14. exf5 gxf5 15. Nh2 Bd5 16. Re1 Bxg2 17. Kxg2 Qf7 18. f4 Qd5+ 19. Kf2 exf4 20. gxf4 Nd4 21. c3 Bf6 22. cxd4 Bh4+ 23. Ke2 Qg2+ 24. Kd1 Bxe1 25. Qxc7+ Kg6 26. Kxe1 Qxh2 27. Kf1 Qxh3+ 28. Kf2 Qh2+ 29. Kf3 Rde8 30. Rg1+ Kh5 31. Qg7 Rxe3+ 32. Kxe3 Re8+ 33. Kf3 Qe2+ 34. Kg3 Re3# 0-1


[Site "https://www.chess.com"]

[Event "Titled Tuesday Blitz May 23 Late 2023"]
[White "Licznerski, Lukasz"]
[Black "Amburgy, Ryan"]
[WhiteFideId "1179250"]
[BlackFideId "30924820"]
[WhiteElo "2453"]
[BlackElo "2134"]
[Result "0-1"]
[Round "05"]
[TimeControl "180+2"]
[Date "2023.05.23"]
[WhiteClock "0:00:00"]
[BlackClock "0:00:10"]

1. e4 e5 2. Nf3 Nc6 3. Bb5 a6 4. Bxc6 dxc6 5. O-O f6 6. d4 Bg4 7. c3 Qe7 8. Nbd2 O-O-O 9. b4 exd4 10. cxd4 Bxf3 11. Qxf3 Rxd4 12. Qe3 Rd8 13. Qa7 Qe5 14. Rb1 Bd6 15. f4 Qb5 16. e5 fxe5 17. fxe5 Bxe5 18. Nf3 Nf6 19. Nxe5 Qxe5 20. Qa8+ Kd7 21. Qxb7 Qb5 22. Qa7 Qb6+ 23. Be3 Qxa7 24. Bxa7 Kc8 25. Rbd1 Rhe8 26. Bd4 Re4 27. Bc3 Rxd1 28. Rxd1 Rc4 29. Rd3 Ne4 30. Be1 c5 31. bxc5 Nxc5 32. Rh3 h6 33. Rg3 Ne6 34. Re3 Kd7 35. Ra3 Nc5 36. Kf1 Ke6 37. Ke2 Rc2+ 38. Kf1 Kd5 0-1


[Site "https://www.chess.com"]

[Event "Titled Tuesday Blitz May 23 Late 2023"]
[White "Kravtsiv, Martyn"]
[Black "Rosen, Eric"]
[WhiteFideId "14113147"]
[BlackFideId "2032562"]
[WhiteElo "2695"]
[BlackElo "2331"]
[Result "1-0"]
[Round "05"]
[TimeControl "180+2"]
[Date "2023.05.23"]
[WhiteClock "0:00:12"]
[BlackClock "0:00:02"]

1. e4 c5 2. Nf3 Nc6 3. d4 cxd4 4. Nxd4 g6 5. Nc3 Bg7 6. Be3 Nf6 7. Bc4 O-O 8. Bb3 Re8 9. O-O d6 10. h3 Na5 11. Qe2 b6 12. Bd5 Nxd5 13. exd5 Bd7 14. Rad1 Qc8 15. f4 Nc4 16. Bc1 Qc5 17. Qf2 b5 18. f5 b4 19. fxg6 fxg6 20. Qf7+ Kh8 21. Ne4 Bxd4+ 22. Kh1 Ne5 23. Nxc5 Nxf7 24. Nxd7 Ne5 25. Rxd4 Nxd7 26. Rxb4 Rac8 27. c3 Nb6 28. Rd4 Rc5 29. Rfd1 Rf8 30. Bh6 Rf5 31. Re1 Rf7 32. Rde4 Nxd5 33. c4 Nf6 34. Rxe7 Rxe7 35. Rxe7 Ng8 36. Bg7# 1-0


[Site "https://www.chess.com"]

[Event "Titled Tuesday Blitz May 23 Late 2023"]
[White "HamedWafa4"]
[Black "Mekhitarian, Krikor Sevag"]
[BlackFideId "2107660"]
[WhiteElo "2635"]
[BlackElo "2604"]
[Result "0-1"]
[Round "05"]
[TimeControl "180+2"]
[Date "2023.05.23"]
[WhiteClock "0:00:04"]
[BlackClock "0:00:11"]

1. e4 e6 2. d4 d5 3. e5 c5 4. c3 Nc6 5. Nf3 Bd7 6. Be2 cxd4 7. cxd4 Nge7 8. Na3 Nf5 9. Nc2 Be7 10. O-O O-O 11. Bd3 f6 12. Bxf5 exf5 13. Re1 Be8 14. exf6 Bxf6 15. Bf4 Bh5 16. Qd3 Bxf3 17. Qxf3 Qd7 18. Be5 Bxe5 19. dxe5 Rae8 20. Rad1 Rxe5 21. Rxe5 Nxe5 22. Qxd5+ Qxd5 23. Rxd5 Rc8 24. Ne1 Nc4 25. b3 Na3 26. Kf1 Rc1 27. Ke2 Ra1 28. Rd8+ Kf7 29. Rd7+ Kf6 30. Rxb7 Rxa2+ 31. Kf3 Nb1 32. Nd3 Nd2+ 33. Ke3 Nf1+ 34. Kd4 Nxh2 35. Nb4 Rxf2 36. Nd5+ Kg6 37. Ne7+ Kg5 38. Nd5 g6 39. Rxh7 Rxg2 40. Rxa7 Nf3+ 41. Ke3 Ne5 42. Ne7 Rb2 43. Rb7 Ng4+ 44. Kd3 Nf6 45. Rb6 Rb1 46. Kc2 Re1 47. b4 Rxe7 0-1


[Site "https://www.chess.com"]

[Event "Titled Tuesday Blitz May 23 Late 2023"]
[White "Quispe Arteaga, Gabriel"]
[Black "Tejedor Fuente, Enrique"]
[WhiteFideId "32059809"]
[BlackFideId "2299100"]
[WhiteElo "2274"]
[BlackElo "2496"]
[Result "0-1"]
[Round "05"]
[TimeControl "180+2"]
[Date "2023.05.23"]
[WhiteClock "0:00:03"]
[BlackClock "0:01:07"]

1. c4 Nf6 2. Nc3 c5 3. Nf3 e6 4. d4 d5 5. cxd5 exd5 6. g3 Nc6 7. Bg2 h6 8. O-O Be7 9. Bf4 O-O 10. Rc1 c4 11. Ne5 Be6 12. Nxc4 dxc4 13. d5 Nxd5 14. Nxd5 Bf6 15. Nc7 Bxb2 16. Nxe6 Qxd1 17. Rcxd1 fxe6 18. Bh3 Rae8 19. Rd6 Kf7 20. Bg2 Rd8 21. Bxc6 Rxd6 22. Bxd6 Rd8 23. Bxb7 Rxd6 24. Be4 Rd2 25. Re1 c3 26. Kf1 c2 0-1


[Site "https://www.chess.com"]

[Event "Titled Tuesday Blitz May 23 Late 2023"]
[White "koncheto"]
[Black "Rostovtsev, Dmitry"]
[BlackFideId "34278320"]
[WhiteElo "2635"]
[BlackElo "2344"]
[Result "0-1"]
[Round "05"]
[TimeControl "180+2"]
[Date "2023.05.23"]
[WhiteClock "0:02:04"]
[BlackClock "0:02:53"]

1. e4 c5 2. Nf3 Nc6 3. d4 cxd4 4. Nxd4 Nf6 5. Nc3 d6 6. Bg5 g6 7. Bxf6 exf6 8. Be2 Bg7 9. O-O O-O 10. f4 f5 11. Nxc6 bxc6 12. Bf3 Qb6+ 13. Kh1 Qxb2 0-1


[Site "https://www.chess.com"]

[Event "Titled Tuesday Blitz May 23 Late 2023"]
[White "NikaVolkov"]
[Black "Milikow, Yoav"]
[BlackFideId "2822237"]
[WhiteElo "2634"]
[BlackElo "2410"]
[Result "0-1"]
[Round "05"]
[TimeControl "180+2"]
[Date "2023.05.23"]
[WhiteClock "0:00:18"]
[BlackClock "0:00:06"]

1. d4 Nf6 2. Nf3 d5 3. e3 e6 4. c4 Be7 5. Nc3 O-O 6. cxd5 exd5 7. Ne5 c5 8. Bd3 Nc6 9. O-O cxd4 10. exd4 Nxd4 11. Bxh7+ Kxh7 12. Qxd4 Be6 13. Be3 a6 14. h3 Qc7 15. Rac1 Qb8 16. Rfd1 Rc8 17. Nd3 Rc4 18. Qb6 Bd8 19. Qb3 d4 20. Bf4 Qa7 21. Qc2 Kg8 22. Ne5 Rcc8 23. Qe2 dxc3 24. bxc3 Bc7 25. Be3 Qb8 26. Nf3 Bc4 27. Qe1 Bxa2 28. c4 Bb3 29. Rd4 Ba4 30. Rh4 Bc6 31. Nd4 Re8 32. Qd2 Qd8 33. Qe2 Qd6 34. g3 Qa3 35. Re1 Re7 36. Nxc6 bxc6 37. Qf3 Rae8 38. Kg2 Qc3 39. Rc1 Qb2 40. Rd1 Rxe3 41. Qxc6 Re2 42. Rf1 Bb8 43. c5 Qc3 44. Qf3 Qxc5 45. Ra4 Qb5 46. Ra3 Re1 47. Rxe1 Rxe1 48. Kh2 Qf1 49. Qg2 Qxg2+ 50. Kxg2 Re6 51. Rb3 Ba7 52. f4 Nd5 53. Rb7 Bc5 54. Kf3 Rb6 55. Rd7 Rb3+ 56. Ke2 Nf6 57. Rd8+ Bf8 58. g4 a5 59. g5 Nh5 60. f5 Ng3+ 61. Kf2 Nxf5 62. Kg2 a4 63. Ra8 a3 64. h4 Nxh4+ 65. Kh2 Nf3+ 66. Kh3 Nxg5+ 67. Kh4 Ne6 68. Kh5 g6+ 69. Kg4 Kg7 70. Ra7 Bc5 71. Rd7 a2 72. Rd1 f5+ 73. Kh4 Be7# 0-1


[Site "https://www.chess.com"]

[Event "Titled Tuesday Blitz May 23 Late 2023"]
[White "Pakleza, Zbigniew"]
[Black "Piesik, Piotr"]
[WhiteFideId "1119290"]
[BlackFideId "1136194"]
[WhiteElo "2410"]
[BlackElo "2299"]
[Result "1-0"]
[Round "05"]
[TimeControl "180+2"]
[Date "2023.05.23"]
[WhiteClock "0:00:09"]
[BlackClock "0:00:10"]

1. d4 Nf6 2. Nf3 b6 3. Bf4 Bb7 4. e3 e6 5. h3 Be7 6. Nbd2 O-O 7. Bd3 c5 8. c3 d6 9. O-O Qc7 10. Qe2 Nbd7 11. Bh2 Rfe8 12. a4 a6 13. e4 e5 14. dxe5 Nxe5 15. Nxe5 dxe5 16. Rfd1 Nd7 17. Nc4 Rad8 18. Ne3 Qc6 19. Nd5 Bf8 20. Bxa6 Bxa6 21. Qxa6 Ra8 22. Qb5 Qxb5 23. axb5 c4 24. g4 Bc5 25. Kg2 f6 26. Rxa8 Rxa8 27. Nc7 Rd8 28. Ne6 Re8 29. Nxg7 Kxg7 30. Rxd7+ Kg6 31. f4 exf4 32. Kf3 Ra8 33. Bxf4 Ra2 34. e5 fxe5 35. Bxe5 Bf8 36. h4 h5 37. Rb7 hxg4+ 38. Kxg4 Rxb2 39. h5+ Kh6 40. Bf4# 1-0


[Site "https://www.chess.com"]

[Event "Titled Tuesday Blitz May 23 Late 2023"]
[White "Chor, Kevin"]
[Black "Sieciechowicz, Marcin"]
[WhiteFideId "2090740"]
[BlackFideId "1130170"]
[WhiteElo "2629"]
[BlackElo "2302"]
[Result "1-0"]
[Round "05"]
[TimeControl "180+2"]
[Date "2023.05.23"]
[WhiteClock "0:00:11"]
[BlackClock "0:00:00"]

1. e4 e6 2. d4 d5 3. Nd2 c5 4. exd5 Qxd5 5. Ngf3 cxd4 6. Bc4 Qd6 7. O-O Nf6 8. Nb3 Nc6 9. Nbxd4 Nxd4 10. Nxd4 Be7 11. Nb5 Qc6 12. Be2 O-O 13. Nd4 Qc7 14. Nb5 Qe5 15. Qd4 Qxd4 16. Nxd4 Bd7 17. Bf3 e5 18. Re1 Bd6 19. Nb3 Rac8 20. c3 e4 21. Be2 Rfd8 22. Bg5 h6 23. Bh4 g5 24. Bg3 Bxg3 25. hxg3 Be6 26. Nd4 Bd5 27. Nf5 Kh7 28. Ne7 Rc7 29. Nxd5 Rxd5 30. Rad1 Rcd7 31. Rxd5 Rxd5 32. Rd1 Kg6 33. Rxd5 Nxd5 34. Bc4 Nb6 35. Bb3 f5 36. Kf1 Kf6 37. Ke2 Ke5 38. a4 Nd7 39. Bc2 a5 40. b4 b6 41. Ke3 Nf6 42. f4+ Kd6 43. Kd4 gxf4 44. gxf4 Nd5 45. bxa5 bxa5 46. g3 Ne7 47. g4 fxg4 48. Bxe4 h5 49. c4 h4 50. c5+ Ke6 51. Ke3 Kd7 52. f5 Ng8 53. Kf4 Nf6 54. Bh1 Kc7 55. Kg5 g3 56. Kxh4 Nd7 57. c6 Nb6 58. f6 Kd6 59. Kg5 1-0


[Site "https://www.chess.com"]

[Event "Titled Tuesday Blitz May 23 Late 2023"]
[White "Melikyan, Gnel"]
[Black "Rozman, Levy"]
[WhiteFideId "54109990"]
[BlackFideId "2039877"]
[WhiteElo "2138"]
[BlackElo "2376"]
[Result "1-0"]
[Round "05"]
[TimeControl "180+2"]
[Date "2023.05.23"]
[WhiteClock "0:00:17"]
[BlackClock "0:00:00"]

1. e4 c6 2. Nf3 d5 3. Nc3 a6 4. d4 Bg4 5. Be2 e6 6. h3 Bxf3 7. Bxf3 Nf6 8. O-O Be7 9. Re1 O-O 10. a3 Nbd7 11. Bf4 Qb6 12. Rb1 dxe4 13. Nxe4 Nxe4 14. Bxe4 Nf6 15. Bf3 Rfd8 16. c3 c5 17. dxc5 Bxc5 18. Qe2 Nd5 19. Be5 Ne7 20. Red1 Ng6 21. Bg3 e5 22. b4 Bf8 23. c4 Qc7 24. c5 Rab8 25. Rxd8 Rxd8 26. Rd1 Re8 27. Qe4 Rb8 28. Qf5 Be7 29. Rd7 Qc8 30. Bd5 Kh8 31. Bxf7 Nf8 32. Be6 Nxd7 33. Bxd7 Qf8 34. Bxe5 Qxf5 35. Bxf5 Re8 36. Bg3 Bf6 37. Bg4 g6 38. Bf3 Re7 39. Bd6 Rd7 40. a4 Kg7 41. b5 axb5 42. axb5 Be7 43. Bxe7 Rxe7 44. b6 Re1+ 45. Kh2 Rc1 46. Bxb7 Rxc5 47. Bf3 Rc2 48. b7 Rb2 49. Kg3 Rb4 50. Kh2 Kf6 51. g3 h5 52. Bg2 g5 53. Bf3 Kg6 54. Kg2 Rb3 55. Be4+ Kf6 56. Bf3 Kg6 57. Be4+ Kh6 58. Bd5 Rb4 59. Bc6 Rb6 60. Bf3 Rb5 61. Kf1 h4 62. Ke2 Kg6 63. Kd3 Kf6 64. Kc4 Rb2 65. Kc5 Ke7 66. Kc6 Rc2+ 67. Kb6 Rb2+ 68. Kc7 Rc2+ 69. Bc6 hxg3 70. fxg3 Rb2 71. b8=Q Rxb8 72. Kxb8 Kd6 73. Bf3 Ke5 74. Bg4 Kd4 75. Kc7 Ke3 76. Kd6 Kf2 77. Ke6 Kxg3 78. Kf5 Kh4 79. Kg6 1-0


[Site "https://www.chess.com"]

[Event "Titled Tuesday Blitz May 23 Late 2023"]
[White "Bernabeu Lopez, Carlos Javier"]
[Black "Paichadze, Luka"]
[WhiteFideId "2235366"]
[BlackFideId "13602934"]
[WhiteElo "2344"]
[BlackElo "2540"]
[Result "1-0"]
[Round "05"]
[TimeControl "180+2"]
[Date "2023.05.23"]
[WhiteClock "0:00:28"]
[BlackClock "0:00:00"]

1. e4 c6 2. Nc3 d5 3. Nf3 Bg4 4. h3 Bxf3 5. Qxf3 e6 6. d3 g6 7. g3 Bg7 8. Bg2 Nd7 9. O-O Ne7 10. Bd2 O-O 11. Rae1 Qb6 12. Rb1 Rad8 13. Qe2 dxe4 14. Nxe4 Nf5 15. Bc3 Nd4 16. Bxd4 Qxd4 17. c3 Qb6 18. d4 e5 19. dxe5 Nxe5 20. Rfd1 h6 21. Nd2 Rfe8 22. Nf3 Nxf3+ 23. Qxf3 Rxd1+ 24. Qxd1 Qa6 25. Qb3 Bf8 26. Bf1 Qb6 27. Rd1 Qc7 28. Kg2 Re6 29. Bc4 Rf6 30. Rd3 Bc5 31. Rf3 Rxf3 32. Kxf3 Qe7 33. Kg2 Qe4+ 34. Kf1 Kg7 35. a4 Qh1+ 36. Ke2 Qxh3 37. Qxb7 Qg4+ 38. Kd3 Qf5+ 39. Kd2 Qxf2+ 40. Kc1 Bd6 41. Qxc6 Bxg3 42. b4 Be5 43. Bb3 g5 44. a5 g4 45. b5 g3 46. Bd5 Qe3+ 47. Kc2 Qe2+ 48. Kb3 Qd1+ 49. Kc4 Qa4+ 50. Kd3 Qxa5 51. Qc4 h5 52. Bc6 h4 53. Qg4+ Kf8 54. Qc8+ Ke7 55. Qe8+ Kf6 56. Qh8+ Ke6 57. Qe8+ Kf6 58. Qh8+ Kf5 59. Bd7+ Kg6 60. Qxe5 Qd8 61. Qd6+ Kg7 62. Qd4+ Kf8 63. Qh8+ Ke7 64. Qxd8+ Kxd8 65. Bh3 Kc7 66. c4 Kb6 67. Kd4 f5 68. Bf1 f4 69. c5+ Kc7 70. Ke4 Kd7 71. Kf3 Ke6 72. Kxf4 Kd5 73. c6 Kd6 74. Kg4 a6 75. bxa6 Kxc6 76. Kxh4 1-0


[Site "https://www.chess.com"]

[Event "Titled Tuesday Blitz May 23 Late 2023"]
[White "Sethuraman, S.P."]
[Black "Gubajdullin, Alexei"]
[WhiteFideId "5021596"]
[BlackFideId "4141202"]
[WhiteElo "2543"]
[BlackElo "2279"]
[Result "0-1"]
[Round "05"]
[TimeControl "180+2"]
[Date "2023.05.23"]
[WhiteClock "0:00:26"]
[BlackClock "0:00:18"]

1. b3 Nf6 2. Bb2 g6 3. Nf3 Bg7 4. g3 O-O 5. Bg2 d6 6. O-O e5 7. c4 Nc6 8. d4 e4 9. Ne1 Bf5 10. Nc3 Qd7 11. Nc2 Bh3 12. Qd2 Rfe8 13. Rad1 h5 14. Rfe1 Bxg2 15. Kxg2 h4 16. Qg5 h3+ 17. Kg1 Nh5 18. Nd5 Ne7 19. Nce3 Nxd5 20. cxd5 Kh7 21. Qg4 Qxg4 22. Nxg4 f5 23. Ne3 Bh6 24. Nc4 Nf6 25. Bc1 Nxd5 26. Bxh6 Kxh6 27. Rc1 Re7 28. Na5 b6 29. Nc6 Rf7 30. f3 e3 31. a3 g5 32. Nb4 Nxb4 33. axb4 a5 34. b5 a4 35. Ra1 a3 36. Rec1 f4 37. g4 Ra7 38. Kf1 a2 39. Rc2 Ra5 40. Raxa2 Rxb5 41. Rc3 Rd5 42. Rd3 c5 43. Ra6 Rxd4 44. Rxd4 cxd4 45. Rxb6 Ra7 46. Rxd6+ Kh7 47. Rd7+ Rxd7 0-1


[Site "https://www.chess.com"]

[Event "Titled Tuesday Blitz May 23 Late 2023"]
[White "Holt, Conrad"]
[Black "Potapova, Margarita"]
[WhiteFideId "2034387"]
[BlackFideId "14126869"]
[WhiteElo "2592"]
[BlackElo "2244"]
[Result "1-0"]
[Round "05"]
[TimeControl "180+2"]
[Date "2023.05.23"]
[WhiteClock "0:00:58"]
[BlackClock "0:00:02"]

1. d4 Nf6 2. c4 e6 3. Nc3 Bb4 4. Qc2 O-O 5. e4 d5 6. e5 Ne4 7. Bd3 c5 8. Nf3 cxd4 9. Nxd4 Nd7 10. Bf4 Ndc5 11. O-O Bxc3 12. bxc3 b6 13. Be2 h6 14. Rad1 Ba6 15. cxd5 Bxe2 16. Nxe2 exd5 17. c4 Qe7 18. cxd5 g5 19. f3 gxf4 20. fxe4 Qxe5 21. Rxf4 Rae8 22. Rg4+ Kh8 23. Ng3 f5 24. exf5 Qe3+ 25. Qf2 Qe5 26. d6 Rd8 27. Rg6 Kh7 28. Qd2 1-0


[Site "https://www.chess.com"]

[Event "Titled Tuesday Blitz May 23 Late 2023"]
[White "Makridis, Dimitrios"]
[Black "Fiorito, Francisco"]
[WhiteFideId "25864475"]
[BlackFideId "180165"]
[WhiteElo "2277"]
[BlackElo "2341"]
[Result "1-0"]
[Round "05"]
[TimeControl "180+2"]
[Date "2023.05.23"]
[WhiteClock "0:00:38"]
[BlackClock "0:00:50"]

1. e4 c5 2. Nf3 Nc6 3. Bb5 g6 4. O-O Bg7 5. c3 Nf6 6. Re1 O-O 7. d4 d5 8. e5 Ne4 9. Bxc6 bxc6 10. Be3 Qb6 11. Qc1 cxd4 12. cxd4 a5 13. Bh6 Rb8 14. Bxg7 Kxg7 15. b3 Bf5 16. Nc3 f6 17. Na4 Qb5 18. Qe3 Rbc8 19. Rac1 g5 20. Nc5 Nxc5 21. dxc5 Qb7 22. Nd4 Bd7 23. e6 Be8 24. h4 h6 25. hxg5 fxg5 26. Qe5+ Kh7 27. Nf5 Bg6 28. Qg7# 1-0


[Site "https://www.chess.com"]